 Dungeon Crawl Stone Soup version 0.27.1-35-g4d5d836560 (webtiles) character file.

Game seed: 10633171257699665811

10184 pkoi the Destroyer (level 11, -1/75 HPs)
             Began as a Demigod Conjurer on June 2, 2022.
             Shot with an arrow by a centaur (11 damage)
             ... on level 1 of the Lair of Beasts on June 3, 2022.
             The game lasted 00:22:22 (15419 turns).

pkoi the Destroyer (Demigod Conjurer)              Turns: 15419, Time: 00:22:22

Health: -1/75      AC:  8    Str:  8    XL:     11   Next: 11%
Magic:  12/25      EV: 12    Int: 38    God:
Gold:   853        SH:  0    Dex: 12    Spells: 6/24 levels left

rFire    . . .     SeeInvis .   k - +4 spear (venom)
rCold    . . .     Faith    .   (no shield)
rNeg     . . .     Spirit   .   a - +1 robe
rPois    +         Reflect  .   t - +0 helmet
rElec    .         Harm     .   P - +0 cloak {rPois}
rCorr    .         Rampage  .   d - +2 pair of gloves
Will     +....                  (no boots)
Stlth    ++........             o - amulet of magic regeneration
HPRegen  0.22/turn              A - ring of flight
MPRegen  0.44/turn              H - +6 ring of intelligence

@: flying
A: high mp 1, forlorn
a: no special abilities


You were on level 1 of the Lair of Beasts.
You visited 2 branches of the dungeon, and saw 11 of its levels.
You also visited: Ossuary.

You collected 1153 gold pieces.
You spent 300 gold pieces at shops.

Inventory:

Hand Weapons
 k - a +4 spear of venom (weapon)
 r - a +2 dagger of electrocution
Missiles
 j - 3 throwing nets
 m - 38 poisoned darts
Armour
 a - a +1 robe (worn)
 d - a +2 pair of gloves (worn)
 t - a +0 helmet (worn)
 P - a +0 cloak of poison resistance (worn)
Magical Staves
 C - a staff of air
Jewellery
 o - an amulet of magic regeneration (around neck)
 A - a ring of flight (left hand)
 H - a +6 ring of intelligence (right hand)
 N - a ring of see invisible
Wands
 h - a wand of iceblast (20)
 B - a wand of charming (9)
 D - a wand of digging (4)
 I - a wand of flame (61)
Scrolls
 b - a scroll of brand weapon
 g - 2 scrolls of fog
 s - 5 scrolls of teleportation
 u - 2 scrolls of silence
 v - a scroll of holy word
 y - 2 scrolls of enchant weapon
 z - 2 scrolls of blinking
 J - 2 scrolls of amnesia
 M - a scroll of fear
Potions
 c - 5 potions of curing
 e - a potion of ambrosia {unknown}
 n - 4 potions of haste
 p - 2 potions of cancellation
 q - 3 potions of attraction
 w - 3 potions of heal wounds
 x - 4 potions of flight
 G - a potion of brilliance
 K - a potion of berserk rage
 L - 4 potions of magic {unknown}
 Q - a potion of invisibility {unknown}


   Skills:
 + Level 0.9 Fighting
 + Level 0.8 Armour
 + Level 2.1 Dodging
 - Level 1.7 Stealth
 + Level 7.1 Spellcasting
 + Level 10.0 Conjurations
 + Level 9.1 Hexes
 + Level 6.1 Translocations
 + Level 1.0 Earth Magic


You had 6 spell levels left.
You knew the following spells:

 Your Spells              Type           Power      Damage    Failure   Level
a - Magic Dart            Conj           100%       1d8       1%          1
b - Searing Ray           Conj           100%       3d7       1%          2
c - Iskenderun's Mystic   Conj/Tloc      66%        2d14      1%          4
d - Fulminant Prism       Conj/Hex       36%        3d18      1%          4
e - Apportation           Tloc           100%       N/A       1%          1
f - Iron Shot             Conj/Erth      27%        9d6       38%         6

Your spell library contained the following spells:

 Spells                   Type           Power      Damage    Failure   Level
 Corona                   Hex            77%        N/A       1%          1
 Foxfire                  Conj/Fire      100%       2x1d9     1%          1
 Static Discharge         Conj/Air       51%        N/A       1%          2
 Dazzling Flash           Conj/Hex       100%       N/A       1%          3
 Animate Skeleton         Necr           26%        N/A       2%          1
 Sting                    Tmut/Pois      52%        1d5       2%          1
 Summon Small Mammal      Summ           52%        N/A       2%          1
 Invisibility             Hex            35%        N/A       10%         6
 Summon Forest            Summ/Tloc      18%        N/A       22%         5
 Borgnjor's Vile Clutch   Necr/Erth      8%         N/A       52%         5
 Alistair's Intoxication  Tmut/Pois      8%         N/A       58%         5
 Eringya's Noxious Bog    Tmut/Pois      6%         N/A       99%         6
 Summon Hydra             Summ           6%         N/A       100%        7
 Borgnjor's Revivificati  Necr           6%         N/A       100%        8
 Necromutation            Tmut/Necr      6%         N/A       100%        8
 Death's Door             Necr           6%         N/A       100%        9


Dungeon Overview and Level Annotations

Branches:
Dungeon (10/15)            Temple (0/1) D:5            Lair (1/6) D:10
Ossuary (visited)
    Orc: D:9-12

Shops:
D:3 (![*


Innate Abilities, Weirdness & Mutations

Your attributes grow dramatically as you level up.
You have an increased reservoir of magic. (+10% MP)
You shall have no god before yourself.


Message History

A centaur is nearby!
Casting: Iskenderun's Mystic Blast (dangerous; 1% risk of failure)
Confirm with . or Enter, or press ? or * to list all spells.
Aiming: Fulminant Prism (mildly dangerous; 1% risk of failure)
Press: ? - help, Dir - move target You conjure a prism of explosive energy!
A fulminant prism comes into view.
The centaur shoots an arrow.
The arrow hits you!
* * * LOW HITPOINT WARNING * * *
Unknown command.
Casting: Fulminant Prism (mildly dangerous; 1% risk of failure)
Confirm with . or Enter, or press ? or * to list all spells.
You erupt in a blast of force!
The mystic blast hits the centaur.
The centaur is lightly wounded.
The centaur is knocked back by the mystic blast.
The centaur collides with your fulminant prism!
Your fulminant prism crackles loudly.
Unknown command.
The centaur wields a +0 shortbow.
The centaur shoots an arrow.
The arrow hits you but does no damage.
Your fulminant prism explodes!
The blast of energy engulfs the centaur!!!
You kill the centaur!
The blast of energy engulfs the centaur!!
You kill the centaur!
Your Earth Magic skill increases to level 1!
Unknown command.
Unknown command.
The centaur shoots an arrow.
The arrow hits you but does no damage.
The centaur shoots an arrow.
The arrow hits you but does no damage.
The centaur shoots an arrow.
The arrow hits you.
* * * LOW HITPOINT WARNING * * *
The centaur shoots an arrow.
The arrow hits you!
* * * LOW HITPOINT WARNING * * *
The centaur shoots an arrow.
The arrow hits you.
* * * LOW HITPOINT WARNING * * *
The centaur shoots an arrow.
The arrow hits you.
* * * LOW HITPOINT WARNING * * *
The centaur shoots an arrow.
The arrow hits you!
You die...

#....###...#
#....
##....##...
##....
#...###P##
#..... #...#
## #....#
##.(.#
#....##
##P..##
######
#.....#
#.....#
#..@.##
##.†.#
#....# .
##.#c# .P
###.##.##
..#
#..)#...# ##
#).)....#
#.......#
####....#


You could see a centaur.

Vanquished Creatures
  A hydra (D:10)
  A two-headed ogre (D:10)
  A black mamba (Lair:1)
  Maurice (D:10)
  2 cane toads (Lair:1)
  3 kobold demonologists (D:10)
  4 blink frogs (Lair:1)
  Sigmund (D:2)
  2 shadows
  A wraith (D:10)
  A wyvern (D:9)
  4 yaks (Lair:1)
  3 wargs (D:10)
  3 water moccasins
  An ice beast (D:6)
  4 orc warriors
  A sky beast (D:6)
  A necrophage (D:6)
  4 ogres
  5 centaurs
  A phantom (D:7)
  3 kobold brigands
  4 bullfrogs
  2 gnoll sergeants
  2 scorpions (D:4)
  A water moccasin zombie (D:5)
  A water moccasin skeleton (D:7)
  3 killer bees (D:8)
  9 wights
  A human zombie (Ossuary)
  2 jellies
  5 orc priests
  2 bullfrog skeletons
  A gnoll shaman (D:7)
  6 hounds
  A centaur skeleton (D:5)
  10 orc wizards
  Terence (D:2)
  4 iguanas
  A hound zombie (D:2)
  A hound skeleton (D:5)
  3 mummies (Ossuary)
  2 howler monkey zombies
  13 gnolls
  5 adders
  2 howler monkey skeletons
  2 ufetubi (D:4)
  5 adder zombies
  An adder skeleton (D:2)
  3 worms
  3 dart slugs
  23 orcs
  10 ball pythons
  A bat skeleton (D:2)
  4 bat zombies (D:2)
  8 endoplasms
  5 giant cockroaches
  A gnoll zombie (Ossuary)
  7 goblins
  6 hobgoblins
  3 jackals (D:3)
  3 quokkas
  A ball python skeleton (D:2)
  A ball python zombie (D:2)
  10 bats
  6 frilled lizards
  6 goblin zombies (Ossuary)
  4 hobgoblin zombies (Ossuary)
  A jackal zombie (D:2)
  22 kobolds
  2 kobold zombies (Ossuary)
  A quokka zombie (Ossuary)
  A rat (D:3)
  A rat zombie (Ossuary)
271 creatures vanquished.

Vanquished Creatures (others)
  51 fulminant prisms
  2 fungi (Lair:1)
  3 plants
  4 withered plants (D:2)
60 creatures vanquished.

Grand Total: 331 creatures vanquished

Notes
Turn   | Place    | Note
-------+----------+-------------------------------------------
     0 | D:1      | pkoi the Demigod Conjurer began the quest for the Orb.
     0 | D:1      | Reached XP level 1. HP: 14/14 MP: 5/5
   408 | D:1      | Reached skill level 4 in Conjurations
   490 | D:1      | Reached XP level 2. HP: 20/20 MP: 5/7
   676 | D:1      | Noticed a shining eye
   676 | D:1      | Noticed a floating eye
   682 | D:1      | Noticed an eye of devastation
   685 | D:1      | Noticed a shining eye
  1390 | D:2      | Reached XP level 3. HP: 24/26 MP: 0/8
  1411 | D:2      | Learned a level 2 spell: Searing Ray
  1704 | D:2      | Reached skill level 5 in Conjurations
  2319 | D:2      | Reached XP level 4. HP: 33/33 MP: 6/9
  2826 | D:2      | Noticed Sigmund
  2831 | D:2      | Killed Sigmund
  2832 | D:2      | Reached skill level 6 in Conjurations
  2832 | D:2      | Reached XP level 5. HP: 29/38 MP: 2/10
  3087 | D:2      | Noticed Terence
  3095 | D:2      | Killed Terence
  3432 | D:2      | Reached XP level 6. HP: 45/45 MP: 6/11
  3482 | D:2      | Learned a level 4 spell: Iskenderun's Mystic Blast
  3751 | D:3      | Found Keniulofi's Distillery.
  3847 | D:3      | Reached skill level 7 in Conjurations
  3847 | D:3      | Reached skill level 1 in Translocations
  4000 | D:3      | Found Moroq's Armour Shop.
  4147 | D:3      | Found Kofon's Weapon Shop.
  4250 | D:3      | Found Niwalist's Assorted Antiques.
  4664 | D:4      | Reached XP level 7. HP: 50/50 MP: 9/14
  4704 | D:4      | Learned a level 4 spell: Fulminant Prism
  4811 | D:4      | Found a sand-covered staircase.
  4820 | Ossuary  | Entered an ossuary
  5667 | D:4      | Reached skill level 1 in Hexes
  6308 | D:5      | Entered Level 5 of the Dungeon
  6351 | D:5      | Identified a scroll of acquirement
  6351 | D:5      | Acquired the Handbook of Mutagenic Attacks
  6418 | D:5      | Found a staircase to the Ecumenical Temple.
  6785 | D:5      | Reached skill level 8 in Conjurations
  6785 | D:5      | Reached XP level 8. HP: 57/57 MP: 9/15
  7380 | D:5      | Acquired 521 gold pieces
  7433 | D:3      | Bought a short runed staff for 300 gold pieces
  8821 | D:7      | Reached skill level 5 in Translocations
  9487 | D:7      | Reached skill level 9 in Conjurations
  9487 | D:7      | Reached XP level 9. HP: 55/62 MP: 7/16
  9769 | D:7      | Reached skill level 5 in Hexes
 10400 | D:8      | Learned a level 1 spell: Apportation
 12310 | D:9      | Noticed a four-headed hydra
 12876 | D:10     | Entered Level 10 of the Dungeon
 12893 | D:10     | Noticed a kobold demonologist
 12899 | D:10     | Killed a kobold demonologist
 12900 | D:10     | Reached skill level 10 in Conjurations
 13037 | D:10     | Noticed a kobold demonologist
 13042 | D:10     | Noticed a kobold demonologist
 13043 | D:10     | Killed a kobold demonologist
 13047 | D:10     | Reached XP level 10. HP: 55/69 MP: 6/19
 13403 | D:10     | Found a staircase to the Lair.
 13405 | D:10     | Noticed Maurice
 13414 | D:10     | Killed Maurice
 14337 | D:10     | Reached skill level 5 in Spellcasting
 14415 | D:10     | Noticed a two-headed ogre
 14421 | D:10     | Killed a two-headed ogre
 14543 | Lair:1   | Entered Level 1 of the Lair of Beasts
 14543 | Lair:1   | Noticed a black mamba
 14547 | Lair:1   | Killed a black mamba
 14556 | Lair:1   | Noticed an eight-headed hydra
 14714 | D:10     | Killed an eight-headed hydra
 15008 | D:10     | Learned a level 6 spell: Iron Shot
 15020 | Lair:1   | Reached XP level 11. HP: 74/74 MP: 7/25
 15415 | Lair:1   | Reached skill level 1 in Earth Magic
 15419 | Lair:1   | Shot with an arrow by a centaur

Illustrated notes

Levels and vault maps discovered:
D:1:      kennysheep_arrival_seaside, layout_basic,
          hellmonk_ecumenical_altar_watching_god, minmay_octomino_c4
D:2:      layout_loops_ring, serial_undead, serial_undead_d, serial_undead_c,
          serial_undead_a, serial_undead_c, serial_undead_e, serial_undead_e,
          serial_undead_e, serial_undead_a, serial_undead_c, serial_undead_b,
          uniq_sigmund, uniq_terence
D:3:      layout_basic, tso_oasis_becter, nicolae_hepliaklqana_hazy_memory,
          serial_shops, nicolae_lakefront_shop, shop,
          nicolae_shop_temple_entry_statues_fountains,
          nicolae_shop_overgrown_old_shop, minmay_shallow_snake_nest
D:4:      layout_loops_corners, portal_sewer_entry_e,
          nicolae_ossuary_entry_monument, st_stairs_5
D:5:      layout_layer_cave, minitemple, minmay_temple_entry_glass,
          eino_tiny_chamber
D:6:      layout_cave_pools, grunt_ministairs_13
D:7:      layout_basic, minmay_fountain_box
D:8:      layout_cave_pools
D:9:      layout_roguey
D:10:     layout_loops_corners, erik_lair_orcish_takeover, uniq_maurice
Lair:1:   layout_misc_corridors, lemuel_centaur_altar, lemuel_fruit_tree,
          serial_bayou_shore_b

Skill      XL: |  1  2  3  4  5  6  7  8  9 10 11 |
---------------+----------------------------------+-----
Conjurations   | 4 5 6 7 8 9 10 | 10.0
Spellcasting   | 2 3 4 7 |  7.1
Translocations | 2 3 5 6 |  6.1
Hexes          | 2 4 7 9 |  9.1
Dodging        | 2 |  2.1
Earth Magic    | 1 |  1.0
Fighting       | |  0.9
Armour         | |  0.8
Stealth        | |  1.7

Action                   |  1- 3 |  4- 6 |  7- 9 | 10-12 || total
-------------------------+-------+-------+-------+-------++-------
Melee: Whip              |     3 |       |     7 |       ||    10
       Mace              |       |     1 |       |       ||     1
       Spear             |       |       |     5 |     6 ||    11
 Cast: Magic Dart        |    86 |    78 |   279 |     4 ||   447
       Searing Ray       |     1 |     9 |    33 |     3 ||    46
       Fulminant Prism   |       |       |    25 |    26 ||    51
       Iskenderun's Myst |       |       |    11 |    21 ||    32
  Use: Scroll            |     2 |     7 |    13 |     1 ||    23
       Potion            |       |     2 |       |       ||     2
 Stab: Sleeping          |       |       |     2 |       ||     2
Armor: Robe              |     2 |     1 |    40 |    15 ||    58
Dodge: Dodged            |    10 |     9 |    61 |    29 ||   109
